[Event "Late-Titled-Tuesday-Blitz-October-03-2023"]
[Site "Chess.com"]
[Date "2023.10.03"]
[Round "6"]
[White "nihalsarin"]
[Black "Bauman_Guy"]
[Result "1-0"]
[WhiteElo "3067"]
[BlackElo "2866"]
[TimeControl "180+1"]
[EndTime "15:01:43 PDT"]
[Termination "nihalsarin won by resignation"]

1. a3 a5 2. e4 g6 3. Bc4 Bg7 4. d3 d6 5. Nf3 Nc6 6. O-O Nf6 7. h3 O-O 8. Re1 d5 9. exd5 Nxd5 10. Nbd2 Bf5 11. Ne4 Bxe4 12. dxe4 Nb6 13. Bd3 e6 14. Qe2 a4 15. h4 Nd7 16. c3 Nc5 17. Bc2 Na5 18. Bg5 Qe8 19. Rad1 Qc6 20. h5 Qb6 21. h6 Bh8 22. Bb1 Ncb3 23. e5 Qa6 24.
Bd3 Qb6 25. Nh2 f6 26. exf6 Bxf6 27. Bxf6 Rxf6 28. Ng4 Rf7 29. Ne5 Rf4 30. g3 Rf5 31. Bxf5 exf5 32. Rd7 1-0

[Event "Late-Titled-Tuesday-Blitz-October-03-2023"]
[Site "Chess.com"]
[Date "2023.10.03"]
[Round "6"]
[White "Msb2"]
[Black "remi04"]
[Result "1-0"]
[WhiteElo "3065"]
[BlackElo "2851"]
[TimeControl "180+1"]
[EndTime "15:01:45 PDT"]
[Termination "Msb2 won by resignation"]

1. d4 Nf6 2. c4 e6 3. Nc3 Bb4 4.
e3 O-O 5. Bd2 d5 6. Nf3 b6 7.
cxd5 exd5 8. Rc1 a6 9. Bd3 Bb7 10. O-O Nbd7 11. Ne5 Nxe5 12. dxe5 Ne4 13. Nxe4 dxe4 14.
Bxb4 c5 15. Bxc5 bxc5 16. Bc4 Qe7 17. Qd6 Rfe8 18. Rfd1 Qxe5 19. Qxe5 Rxe5 20. Rd7 Bc6 21. Rxf7 Bd5 22. Re7 Rf5 23. g4 Rg5 24. Rxe4 Bxc4 25. Rexc4 Rd8 26. h4 Rg6 27. g5 Rd2 28. Rxc5 Rxb2 29.
h5 Re6 30. Rf5 Re8 31. Rc7 1-0

[Event "Late-Titled-Tuesday-Blitz-October-03-2023"]
[Site "Chess.com"]
[Date "2023.10.03"]
[Round "6"]
[White "jcibarra"]
[Black "Dhaydon19"]
[Result "1-0"]
[WhiteElo "2949"]
[BlackElo "2745"]
[TimeControl "180+1"]
[EndTime "15:01:46 PDT"]
[Termination "jcibarra won by resignation"]

1. e4 c6 2. Nf3 d5 3. d3 Bg4 4. h3 Bxf3 5. Qxf3 e6 6. g3 Bd6 7. Bg2 Ne7 8. O-O Nd7 9. Qe2 O-O 10. Nd2 Qc7 11. f4 f5 12. Nf3 fxe4 13. Ng5 Rf6 14.
dxe4 h6 15. e5 Bc5+ 16. Kh2 Rg6 17. Nf3 Nf5 18. g4 Nd4 19. Nxd4 Bxd4 20. Qd3 Nxe5 21. Qxd4 Nxg4+ 22. hxg4 Rxg4 23. Bh3 Rh4 24. Be3 Qf7 25. Rg1 e5 26. Qxe5 Re8 27. Rxg7+ Qxg7 28. Qxe8+ Kh7 29. Rg1 1-0

[Event "Late-Titled-Tuesday-Blitz-October-03-2023"]
[Site "Chess.com"]
[Date "2023.10.03"]
[Round "6"]
[White "TheoSlade"]
[Black "HanSchut"]
[Result "1-0"]
[WhiteElo "2513"]
[BlackElo "2341"]
[TimeControl "180+1"]
[EndTime "15:01:47 PDT"]
[Termination "TheoSlade won by resignation"]

1. d4 Nf6 2. c4 g6 3. Nc3 d5 4. Bf4 Bg7 5. e3 O-O 6. Nf3 c5 7. dxc5 Qa5 8. Rc1 dxc4 9. Bxc4 Qxc5 10. Qe2 Nc6 11. O-O Qh5 12. h3 e5 13. Bg3 e4 14.
Nd2 Qxe2 15. Bxe2 Re8 16. Nb5 Rd8 17. Nc4 Be6 18. Nc7 Rac8 19. Nxe6 fxe6 20. Nd6 Ra8 21.
Bc4 Nd5 22. Nxb7 Bxb2 23. Rc2 Be5 24. Nxd8 Bxg3 25. Nxc6 Bd6 26. Bxd5 exd5 27. Rd1 1-0

[Event "Late-Titled-Tuesday-Blitz-October-03-2023"]
[Site "Chess.com"]
[Date "2023.10.03"]
[Round "6"]
[White "akanga001"]
[Black "MajorCoast"]
[Result "0-1"]
[WhiteElo "2027"]
[BlackElo "2258"]
[TimeControl "180+1"]
[EndTime "15:01:47 PDT"]
[Termination "MajorCoast won by checkmate"]

1. d4 d5 2. c4 e6 3. Nc3 h6 4. e4 dxe4 5. Nxe4 Bb4+ 6. Nc3 c5 7. Be3 cxd4 8. Bxd4 Nf6 9. Nf3 Nc6 10. Bxf6 Qxf6 11. Rc1 O-O 12. Be2 Rd8 13. Qb3 b6 14. O-O Bb7 15. a3 Bd6 16. Ne4 Qe7 17.
Nxd6 Rxd6 18. c5 bxc5 19. Rxc5 Nd4 20. Nxd4 Rxd4 21. Rfc1 Rad8 22. Rc7 Qg5 23. Qxb7 Rd2 24. Bf3 R2d4 25. Rc8 Kh7 26. Be4+ f5 27. Rxd8 Qxc1# 0-1

[Event "Late-Titled-Tuesday-Blitz-October-03-2023"]
[Site "Chess.com"]
[Date "2023.10.03"]
[Round "6"]
[White "McCarthyStone"]
[Black "svilson23"]
[Result "1-0"]
[WhiteElo "2379"]
[BlackElo "2202"]
[TimeControl "180+1"]
[EndTime "15:01:47 PDT"]
[Termination "McCarthyStone won by resignation"]

1. b3 b6 2. Bb2 Bb7 3. Nf3 d6 4. d4 Nd7 5. Nbd2 c5 6. e3 Ngf6 7. Bd3 Qc7 8. Qe2 e5 9. dxe5 dxe5 10. e4 Be7 11. Nc4 O-O 12. Ncxe5 Nxe5 13. Bxe5 Qc6 14. O-O Nxe4 15. Rfe1 f5 16. Rad1 Ng5 17. Bc4+ Nf7 18. Bxg7 Kxg7 19. Qxe7 Rae8 20. Qh4 Rxe1+ 21. Rxe1 Re8 22.
Re7 Rxe7 23. Qxe7 Qf6 24. Qxb7 b5 25. Qxf7+ Qxf7 26. Bxf7 1-0

[Event "Late-Titled-Tuesday-Blitz-October-03-2023"]
[Site "Chess.com"]
[Date "2023.10.03"]
[Round "6"]
[White "BeanScreen"]
[Black "maxip32"]
[Result "1-0"]
[WhiteElo "2723"]
[BlackElo "2544"]
[TimeControl "180+1"]
[EndTime "15:01:49 PDT"]
[Termination "BeanScreen won by resignation"]

1. e4 e5 2. Nf3 Nf6 3. Nxe5 d6 4. Nf3 Nxe4 5. Nc3 Nf6 6. d4 Be7 7. Bg5 O-O 8. Qd2 a6 9. O-O-O b5 10. Bd3 Bb7 11.
h4 Nbd7 12. h5 Ng4 13. Bxe7 Qxe7 14. Bf5 Bxf3 15. gxf3 Ngf6 16. Rde1 Qd8 17. Rhg1 Kh8 18. Ne4 Nxe4 19. Bxe4 Rb8 20. Rxg7 f5 21. Qh6 Nf6 22. Bxf5 1-0

[Event "Late-Titled-Tuesday-Blitz-October-03-2023"]
[Site "Chess.com"]
[Date "2023.10.03"]
[Round "6"]
[White "flukeyNZ"]
[Black "Nick12772"]
[Result "0-1"]
[WhiteElo "2203"]
[BlackElo "2364"]
[TimeControl "180+1"]
[EndTime "15:01:50 PDT"]
[Termination "Nick12772 won on time"]

1. d4 Nf6 2. c4 g6 3. Nc3 d5 4.
cxd5 Nxd5 5. Nf3 Bg7 6. e4 Nxc3 7. bxc3 c5 8. Bb5+ Nc6 9. O-O cxd4 10. cxd4 O-O 11.
Be3 Bg4 12. Bxc6 bxc6 13. Rc1 Qa5 14. Rxc6 Qxa2 15. h3 Bxf3 16. Qxf3 a5 17. d5 a4 18. Rc7 Qa3 19. Bc5 Qxf3 20. gxf3 a3 21. Ra7 a2 22. Rxe7 a1=Q 23. Rxa1 Rxa1+ 24. Kg2 Rc8 0-1

[Event "Late-Titled-Tuesday-Blitz-October-03-2023"]
[Site "Chess.com"]
[Date "2023.10.03"]
[Round "6"]
[White "UK_23"]
[Black "hellokostya"]
[Result "1-0"]
[WhiteElo "2408"]
[BlackElo "2533"]
[TimeControl "180+1"]
[EndTime "15:01:56 PDT"]
[Termination "UK_23 won by resignation"]

1. e4 c5 2. Nf3 Nc6 3. Bb5 g6 4. O-O Bg7 5. Re1 Nf6 6. c3 O-O 7. d4 d5 8. e5 Ne4 9. Nbd2 cxd4 10. cxd4 Bf5 11. Nb3 a5 12. a4 Nb4 13. Be3 Rc8 14.
Rc1 Bg4 15. Qe2 Qb6 16. h3 Bxf3 17. gxf3 Qe6 18. fxe4 dxe4 19. Nc5 Qxh3 20. Qf1 Qh4 21.
Qg2 f5 22. Bg5 Qg4 23. Be2 Qxg2+ 24. Kxg2 Nc6 25. Ne6 Rfe8 26. Bb5 h6 27. Be3 Kf7 28.
Nxg7 Kxg7 29. d5 Nxe5 30. Bxe8 Rxe8 31. Bd4 Kf6 32. Rc7 1-0

[Event "Late-Titled-Tuesday-Blitz-October-03-2023"]
[Site "Chess.com"]
[Date "2023.10.03"]
[Round "6"]
[White "FERNANDEZL1983"]
[Black "Schwindle"]
[Result "1-0"]
[WhiteElo "2616"]
[BlackElo "2403"]
[TimeControl "180+1"]
[EndTime "15:02:13 PDT"]
[Termination "FERNANDEZL1983 won by resignation"]

1. e4 e6 2. d3 c5 3. Nd2 Nc6 4. Ngf3 d6 5. g3 g6 6. Bg2 Bg7 7. O-O Nge7 8. c3 e5 9. Nc4 O-O 10. a4 a5 11. Nh4 h6 12. f4 exf4 13. gxf4 d5 14. Ne3 d4 15. cxd4 Nxd4 16. f5 Nexf5 17. Nhxf5 gxf5 18. exf5 Qh4 19. Be4 Be5 20. Ng4 f6 21.
Nxe5 fxe5 22. Kh1 Kh8 23. Qe1 Qxe1 24. Rxe1 Nc2 25. Bxh6 Bxf5 26. Bxf8 Bxe4+ 27. Rxe4 Nxa1 28. Bxc5 Rc8 29. Bd6 Kh7 30. Bxe5 Nc2 31. Bc3 Rf8 32.
Kg2 1-0

[Event "Late-Titled-Tuesday-Blitz-October-03-2023"]
[Site "Chess.com"]
[Date "2023.10.03"]
[Round "6"]
[White "Gogolev_Artemy"]
[Black "zajka-molotok"]
[Result "0-1"]
[WhiteElo "2394"]
[BlackElo "2560"]
[TimeControl "180+1"]
[EndTime "15:02:13 PDT"]
[Termination "zajka-molotok won by resignation"]

1. d4 d5 2. Bf4 c5 3. e3 Nc6 4. Nf3 Nf6 5. Nbd2 cxd4 6. exd4 Bg4 7. c3 e6 8. Qb3 Bd6 9. Qxb7 Bxf4 10. Qxc6+ Kf8 11.
g3 Bxd2+ 12. Nxd2 Rb8 13. Nb3 Bf3 14. Rg1 Ne4 15. Be2 Qf6 16. Nc5 Kg8 17. Nd7 Qg5 18.
Rd1 Bxe2 19. Nxb8 g6 20. Kxe2 Qh5+ 21. g4 Qxh2 22. Rdf1 Qxb8 23. Rb1 Qf4 24. Rg2 Qd2+ 25. Kf1 Qd3+ 0-1

[Event "Late-Titled-Tuesday-Blitz-October-03-2023"]
[Site "Chess.com"]
[Date "2023.10.03"]
[Round "6"]
[White "jjbolanos"]
[Black "EsmeraldasAnderson03"]
[Result "0-1"]
[WhiteElo "2082"]
[BlackElo "2428"]
[TimeControl "180+1"]
[EndTime "15:02:13 PDT"]
[Termination "EsmeraldasAnderson03 won by resignation"]

1. e4 c5 2. c3 Nf6 3. e5 Nd5 4. d4 cxd4 5. cxd4 Nc6 6. Nf3 d6 7. Bc4 Nb6 8. Bb5 dxe5 9. Nxe5 Bd7 10. Bxc6 Bxc6 11. Nxc6 bxc6 12. O-O e6 13. Nc3 Be7 14. Qg4 Bf6 15. Be3 O-O 16. Rac1 Nd5 17. a3 Nxc3 18.
Rxc3 Qb6 19. b4 Qb5 20. Rc5 Qa4 21. Bg5 Bxg5 22. Rxg5 g6 23. Ra5 Qb3 24. g3 Rfd8 25. Rc1 Rd5 26. Ra6 Rad8 27. Rxa7 Rxd4 28. Qg5 Qf3 29.
Qe3 Rd1+ 0-1

[Event "Late-Titled-Tuesday-Blitz-October-03-2023"]
[Site "Chess.com"]
[Date "2023.10.03"]
[Round "6"]
[White "Mikedannnn"]
[Black "Caisachess"]
[Result "1-0"]
[WhiteElo "2555"]
[BlackElo "2422"]
[TimeControl "180+1"]
[EndTime "15:02:14 PDT"]
[Termination "Mikedannnn won by resignation"]

1. e4 e5 2. Nf3 Nc6 3. Bb5 f5 4. Nc3 fxe4 5. Nxe4 Nf6 6. Qe2 d5 7. Nxf6+ gxf6 8. d4 Bg7 9. dxe5 O-O 10. e6 Ne5 11. O-O c6 12. Bd3 Bxe6 13. Nd4 Bg4 14. Qe3 Qb6 15. Bf5 Bxf5 16. Nxf5 Qxe3 17. Bxe3 b6 18.
Bd4 Kf7 19. f4 Nc4 20. Rae1 Bh8 21. g4 Rfe8 22. b3 Rxe1 23. Rxe1 Na3 24. Re7+ Kg8 25. Nh6+ Kf8 26. Rf7+ Ke8 27. Rxh7 Rd8 28. Rxh8+ Kd7 29.
Rxd8+ Kxd8 30. Bxf6+ Ke8 31. g5 Nxc2 32. g6 1-0

[Event "Late-Titled-Tuesday-Blitz-October-03-2023"]
[Site "Chess.com"]
[Date "2023.10.03"]
[Round "6"]
[White "traack"]
[Black "bazar-wokzal"]
[Result "1-0"]
[WhiteElo "2443"]
[BlackElo "2579"]
[TimeControl "180+1"]
[EndTime "15:02:15 PDT"]
[Termination "traack won by checkmate"]

1. e4 Nc6 2. Nf3 d5 3. exd5 Qxd5 4. Nc3 Qa5 5. Bc4 Bg4 6. h3 Bh5 7. g4 Bg6 8. Qe2 O-O-O 9. d3 e5 10. Bd2 Bb4 11.
O-O-O Nf6 12. a3 Bxa3 13. bxa3 Qxa3+ 14. Kb1 Rhe8 15. Bb3 Nd4 16. Nxd4 exd4 17. Ne4 Nxe4 18. dxe4 Bxe4 19. Qc4 Bxh1 20. Rxh1 d3 21. cxd3 Re2 22. Bc1 Qd6 23. Bf4 Qf6 24. Qxc7# 1-0

[Event "Late-Titled-Tuesday-Blitz-October-03-2023"]
[Site "Chess.com"]
[Date "2023.10.03"]
[Round "6"]
[White "chessajedrezz2020"]
[Black "szachmistrz2500"]
[Result "0-1"]
[WhiteElo "2685"]
[BlackElo "2433"]
[TimeControl "180+1"]
[EndTime "15:02:15 PDT"]
[Termination "szachmistrz2500 won on time"]

1. Nf3 c5 2. g3 Nc6 3. Bg2 g6 4. O-O Bg7 5. c4 e5 6. Nc3 Nge7 7. d3 O-O 8. a3 a6 9. Rb1 Rb8 10. Nd5 b5 11. Bg5 f6 12. Be3 Nxd5 13. cxd5 Nd4 14. Nxd4 cxd4 15. Bd2 d6 16. Rc1 Bd7 17. Bb4 Qb6 18. Qd2 Rfc8 19. Ba5 Qb7 20. b4 Rxc1 21. Rxc1 Rc8 22. Rc2 Kf7 23. Qc1 Ke7 24. h4 h5 25.
Bf3 Rxc2 26. Qxc2 Qc8 27. Qxc8 Bxc8 28. e4 Bh6 0-1

[Event "Late-Titled-Tuesday-Blitz-October-03-2023"]
[Site "Chess.com"]
[Date "2023.10.03"]
[Round "6"]
[White "ritanovikova"]
[Black "MarkoPe"]
[Result "0-1"]
[WhiteElo "2177"]
[BlackElo "2358"]
[TimeControl "180+1"]
[EndTime "15:02:19 PDT"]
[Termination "MarkoPe won by resignation"]

1. d4 c6 2. e4 d6 3. Nc3 Nd7 4. Nf3 Ngf6 5. Be2 g6 6. O-O Bg7 7.
h3 O-O 8. a4 e5 9. Be3 Qc7 10.
Qd2 Re8 11. dxe5 Nxe5 12. Nxe5 dxe5 13. Rad1 Be6 14. f4 exf4 15. Bxf4 Qb6+ 16. Kh2 Rad8 17. Qc1 Nh5 18. Bxh5 gxh5 19. Bh6 Qc5 20. Rxd8 Rxd8 21. Rf3 Qe5+ 22. Rg3 h4 0-1

[Event "Late-Titled-Tuesday-Blitz-October-03-2023"]
[Site "Chess.com"]
[Date "2023.10.03"]
[Round "6"]
[White "tomozupan"]
[Black "leoduarte"]
[Result "1-0"]
[WhiteElo "2255"]
[BlackElo "2429"]
[TimeControl "180+1"]
[EndTime "15:02:21 PDT"]
[Termination "tomozupan won by resignation"]

1. d4 d5 2. c4 e6 3. Nc3 Bb4 4. cxd5 exd5 5. Nf3 Nf6 6. g3 c5 7. Bg2 Ne4 8. O-O O-O 9. dxc5 Nxc3 10. bxc3 Bxc5 11.
Ne5 d4 12. Bb2 dxc3 13. Bxc3 Qe7 14. Qb3 Nd7 15. Nxd7 Bxd7 16. Qxb7 Rab8 17. Qe4 Be6 18. Rfd1 h6 19. Qe5 Rfd8 1-0

[Event "Late-Titled-Tuesday-Blitz-October-03-2023"]
[Site "Chess.com"]
[Date "2023.10.03"]
[Round "6"]
[White "Oleksandr_Bortnyk"]
[Black "Arystanner"]
[Result "1-0"]
[WhiteElo "3014"]
[BlackElo "2830"]
[TimeControl "180+1"]
[EndTime "15:02:23 PDT"]
[Termination "Oleksandr_Bortnyk won by resignation"]

1. e4 c5 2. c3 e6 3. d4 d5 4.
exd5 exd5 5. Be3 c4 6. b3 cxb3 7. axb3 Nc6 8. Bd3 Nf6 9. h3 Bd6 10. Qf3 O-O 11. Ne2 Re8 12. Nd2 Ne7 13. Bg5 Ng6 14. Bxf6 Qxf6 15. Qxf6 gxf6 16. g3 f5 17. f4 Re3 18. Bb5 a6 19. Kf2 Re7 20. Nf3 Be6 21.
Bd3 f6 22. h4 Rc7 23. h5 Ne7 24. Nh4 Rac8 25. h6 Kf7 26. b4 Rxc3 27. Nxc3 Rxc3 28.
Ke3 Bxb4 29. Rhc1 Nc6 30. Rab1 Rxc1 31. Rxc1 Ba3 32. Rc2 a5 33. Nxf5 a4 34. Ng7 Bf8 35.
Nxe6 Kxe6 36. Rh2 f5 37. g4 fxg4 38. Bxh7 g3 39. Bg8+ Kf6 40. h7 Bg7 41. Rh6+ Ke7 42. h8=Q Bxh8 43. Rxh8 a3 44. Bxd5 Nb4 45. Bb3 g2 46. Kf2 Nc2 47. Bxc2 1-0

[Event "Late-Titled-Tuesday-Blitz-October-03-2023"]
[Site "Chess.com"]
[Date "2023.10.03"]
[Round "6"]
[White "dorpato"]
[Black "Saraisitave"]
[Result "1-0"]
[WhiteElo "2057"]
[BlackElo "2239"]
[TimeControl "180+1"]
[EndTime "15:02:25 PDT"]
[Termination "dorpato won by resignation"]

1. e4 e6 2. d4 d5 3. e5 c5 4. c3 Nc6 5. Nf3 Bd7 6. a3 c4 7. Nbd2 f6 8. b3 fxe5 9. Nxe5 Nxe5 10. dxe5 b5 11. Be2 Ne7 12. O-O Qb6 13. Nf3 Nc6 14. Be3 Qc7 15. Bf4 g6 16. Re1 Bg7 17. Bf1 O-O 18.
Bg3 a6 19. Rc1 cxb3 20. Qxb3 Na5 21. Qd1 Rac8 22. Nd4 Nc4 23. Bxc4 Qxc4 24. f4 Qa2 25. Ra1 Qb2 26. Re3 Rxc3 27. Re2 Rd3 28. Rxb2 Rxd1+ 29. Rxd1 Rc8 30. Rc2 Rd8 31. Rc7 Be8 32. Nxe6 1-0

[Event "Late-Titled-Tuesday-Blitz-October-03-2023"]
[Site "Chess.com"]
[Date "2023.10.03"]
[Round "6"]
[White "Gyulamiryan-koryun"]
[Black "MBA_CHESS_2021"]
[Result "0-1"]
[WhiteElo "1976"]
[BlackElo "2239"]
[TimeControl "180+1"]
[EndTime "15:02:26 PDT"]
[Termination "MBA_CHESS_2021 won by resignation"]

1. e4 c5 2. Nf3 Nc6 3. d4 cxd4 4. Nxd4 g6 5. Be3 Bg7 6. f3 Nf6 7. Nc3 O-O 8. Qd2 d6 9. O-O-O Bd7 10. Bh6 Nxd4 11.
Bxg7 Nxf3 12. gxf3 Kxg7 13. Nd5 Nxd5 14. Qxd5 Be6 15.
Qd4+ f6 16. Bc4 Bxc4 17. Qxc4 Rc8 18. Qb4 Qc7 19. c3 a5 20. Qd4 Qc5 21. Qd2 b5 22.
h4 h5 23. f4 b4 24. Rh3 bxc3 25. Rxc3 Qb4 26. Qd4 Rxc3+ 27. bxc3 Qa3+ 28. Kd2 Qxa2+ 29. Kd3 Rb8 30. f5 Rb1 31. Qg1 Rxd1+ 32. Qxd1 gxf5 33. exf5 Qd5+ 34. Ke2 Qxd1+ 35. Kxd1 Kf7 36. Kc2 e6 37.
Kb3 exf5 38. Ka4 f4 39. Kxa5 f3 0-1

[Event "Late-Titled-Tuesday-Blitz-October-03-2023"]
[Site "Chess.com"]
[Date "2023.10.03"]
[Round "6"]
[White "crazy_but_lazy"]
[Black "miraitrunks"]
[Result "1-0"]
[WhiteElo "2589"]
[BlackElo "2214"]
[TimeControl "180+1"]
[EndTime "15:02:29 PDT"]
[Termination "crazy_but_lazy won by resignation"]

1. d4 d5 2. Nf3 Nf6 3. Bf4 Bf5 4.
e3 e6 5. Nbd2 Bd6 6. Ne5 Nbd7 7.
c3 Ne4 8. Nxe4 Bxe4 9. f3 Bxe5 10. dxe5 Bg6 11. h4 h5 12. Bd3 O-O 13. Bxg6 fxg6 14.
Qd3 Qe8 15. O-O-O Qf7 16. g4 c5 17. Rhg1 c4 18. Qd4 b5 19. gxh5 b4 20. Rxg6 bxc3 21.
Qxc3 Nc5 22. Rdg1 Nd3+ 23. Kb1 Qf5 24. Rxg7+ Kh8 25. Ka1 Rab8 26. R7g6 Rf7 27. Bg5 Nb4 28. Rh6+ Rh7 29. Bf6+ Qxf6 30. Rxh7+ Kxh7 31. exf6 1-0

[Event "Late-Titled-Tuesday-Blitz-October-03-2023"]
[Site "Chess.com"]
[Date "2023.10.03"]
[Round "6"]
[White "GlavkonVVS"]
[Black "jinxy2009"]
[Result "1-0"]
[WhiteElo "2577"]
[BlackElo "2271"]
[TimeControl "180+1"]
[EndTime "15:02:29 PDT"]
[Termination "GlavkonVVS won by resignation"]

1. c4 e6 2. Nc3 d5 3. d4 Nf6 4. Nf3 Be7 5. Bg5 h6 6. Bxf6 Bxf6 7. e3 O-O 8. g4 b6 9. h4 Be7 10.
g5 h5 11. cxd5 Bb7 12. dxe6 fxe6 13. Bg2 e5 14. Nxe5 Bxg2 15. Qxh5 Rf5 16. Qg4 Rxe5 17. Qxg2 Qxd4 18. Qxa8 Bb4 19. Qxb8+ Kh7 20. Qxc7 Rxe3+ 21. fxe3 Qxe3+ 22. Kd1 Qd3+ 23. Kc1 Qe3+ 24. Kc2 Qe2+ 25.
Nxe2 1-0

[Event "Late-Titled-Tuesday-Blitz-October-03-2023"]
[Site "Chess.com"]
[Date "2023.10.03"]
[Round "6"]
[White "slorovel"]
[Black "OYAcosta"]
[Result "1-0"]
[WhiteElo "2490"]
[BlackElo "2190"]
[TimeControl "180+1"]
[EndTime "15:02:32 PDT"]
[Termination "slorovel won by resignation"]

1. e4 c6 2. d4 d5 3. e5 Bf5 4. Nd2 e6 5. Nb3 Nd7 6. Nf3 Ne7 7.
Be2 Bg6 8. O-O Nf5 9. a4 Be7 10. a5 a6 11. c4 dxc4 12. Bxc4 O-O 13. Qe2 Bh5 14. Rd1 Bb4 15. Bd3 Ne7 16. Bxh7+ Kxh7 17. Ng5+ Kg6 18. Qe4+ Nf5 19. g4 Be7 20. h4 Bxg5 21. Bxg5 f6 22. exf6 gxf6 23. gxh5+ Kxh5 24. Bf4 Qe8 25.
Qf3+ Kg6 26. Kh2 Kh7 27. Rg1 Qf7 28. Nd2 Rg8 29. Ne4 Nxd4 30. Qd3 Nf5 31. Qxd7 Ne7 32. Qd3 f5 33. Ng5+ Rxg5 34. Rxg5 Ng6 35. Qf3 e5 36. Qh5+ Kg7 37. Bxe5+ 1-0

[Event "Late-Titled-Tuesday-Blitz-October-03-2023"]
[Site "Chess.com"]
[Date "2023.10.03"]
[Round "6"]
[White "Likvidator228"]
[Black "Onthequiet"]
[Result "0-1"]
[WhiteElo "2545"]
[BlackElo "2414"]
[TimeControl "180+1"]
[EndTime "15:02:33 PDT"]
[Termination "Onthequiet won by resignation"]

1. g4 d5 2. Bg2 c6 3. h3 g6 4. d4 Bg7 5. Nf3 h5 6. g5 Nd7 7. Bf4 e6 8. c3 c5 9. Nbd2 Qb6 10. Qb3 Ne7 11. Qxb6 axb6 12. e3 Nc6 13. a3 e5 14.
dxe5 Ndxe5 15. Nxe5 Nxe5 16. Ke2 Be6 17. Rad1 O-O-O 18. Nf3 Nc4 19. Nd2 Nxb2 20. Rb1 Na4 21. Rhc1 Bxc3 22.
Nf3 Rhe8 23. Be5 Bf5 24. Bxc3 Nxc3+ 25. Rxc3 Bxb1 26. Rb3 Be4 27. Rxb6 Kc7 28. Rb5 b6 29. Bf1 d4 30. Nd2 dxe3 31. Nxe4 Rxe4 32. fxe3 Ra4 33. Rb3 Rda8 34. Rd3 Rxa3 35. Rd5 Re8 36. Bg2 Raxe3+ 37. Kf2 Re2+ 38. Kf1 R2e5 39. Rd3 Rxg5 40. Ra3 Rf5+ 41. Bf3 b5 42. Kg2 Rb8 43. Ra7+ Kd6 44. Ra6+ Ke5 45. Rc6 Kd4 46. Rd6+ Kc3 47. Be4 Rg5+ 48. Kf3 c4 49. h4 Rg4 50. Rd7 f5 51. Bc6 Rxh4 52. Rd5 b4 53. Rc5 Rg4 54. Bd5 b3 0-1

[Event "Late-Titled-Tuesday-Blitz-October-03-2023"]
[Site "Chess.com"]
[Date "2023.10.03"]
[Round "6"]
[White "PNEPaul"]
[Black "lluiss"]
[Result "1-0"]
[WhiteElo "1953"]
[BlackElo "2149"]
[TimeControl "180+1"]
[EndTime "15:02:38 PDT"]
[Termination "PNEPaul won by resignation"]

1. e4 e6 2. d4 d5 3. e5 c5 4. Qg4 b6 5. Nf3 Ba6 6. Bxa6 Nxa6 7. O-O Nb4 8. Na3 h5 9. Qg3 g6 10. c3 Nc6 11. Nc2 Nh6 12. Qf4 Nf5 13. Qd2 Be7 14. Qd1 Kf8 15. Bd2 Kg7 16. Re1 c4 17. Ne3 Nxe3 18.
Bxe3 b5 19. a4 b4 20. Qc1 a5 21. Bg5 Rb8 22. Bxe7 Qxe7 23. Qd2 Rb7 24. h3 h4 25. Qf4 Rh5 26. Reb1 Rb8 27. Qd2 Rf5 28. Nh2 Qb7 29. Ng4 bxc3 30. Qh6+ Kg8 31. Nf6+ 1-0

[Event "Late-Titled-Tuesday-Blitz-October-03-2023"]
[Site "Chess.com"]
[Date "2023.10.03"]
[Round "6"]
[White "Marasmus01"]
[Black "StarkyNZ"]
[Result "1-0"]
[WhiteElo "2518"]
[BlackElo "2320"]
[TimeControl "180+1"]
[EndTime "15:02:39 PDT"]
[Termination "Marasmus01 won by resignation"]

1. c4 e5 2. Nf3 Nc6 3. Nc3 g6 4.
g3 Bg7 5. Bg2 Nge7 6. O-O O-O 7.
d3 d6 8. Rb1 a5 9. a3 f5 10. Nb5 Kh8 11. b4 axb4 12. axb4 Bd7 13. e3 Qc8 14. Bb2 Na7 15. Nc3 f4 16. Ne4 fxe3 17.
fxe3 Nac6 18. Qd2 Bg4 19. Nfg5 Nd8 20. Rxf8+ Bxf8 21. Rf1 Bg7 22. Nf6 h6 23. Nge4 Qe6 24. Ne8 Bf5 25. Nxc7 Qc8 26. Nxa8 Qxa8 27. Nxd6 Ne6 28. e4 Bg4 29. h3 Bh5 30. g4 Qd8 31.
Nf7+ 1-0

[Event "Late-Titled-Tuesday-Blitz-October-03-2023"]
[Site "Chess.com"]
[Date "2023.10.03"]
[Round "6"]
[White "ViIIagra"]
[Black "Kirill_Klukin"]
[Result "1-0"]
[WhiteElo "2935"]
[BlackElo "2692"]
[TimeControl "180+1"]
[EndTime "15:02:40 PDT"]
[Termination "ViIIagra won by resignation"]

1. g3 Nf6 2. Bg2 d5 3. f4 g6 4. Nf3 Bg7 5. O-O O-O 6. d3 c5 7. c3 Nc6 8. Qc2 d4 9. a4 Nd5 10. Bd2 b6 11. Na3 Bb7 12. Nc4 Qc7 13. Rae1 Rfd8 14. Qc1 a6 15. Nce5 Rac8 16. Bh3 e6 17.
Nxf7 Qxf7 18. Ng5 Qe7 19. Bxe6+ Kh8 20. Nf7+ Kg8 21. Nxd8+ Kf8 22. Bxd5 Rxd8 23. c4 a5 24.
f5 Rxd5 25. cxd5 Ne5 26. f6 Bxf6 27. Bg5 Nd7 28. Rxf6+ Nxf6 29. Rf1 1-0

[Event "Late-Titled-Tuesday-Blitz-October-03-2023"]
[Site "Chess.com"]
[Date "2023.10.03"]
[Round "6"]
[White "SpeedofLight0"]
[Black "dennisodessa"]
[Result "1-0"]
[WhiteElo "3005"]
[BlackElo "2467"]
[TimeControl "180+1"]
[EndTime "15:02:43 PDT"]
[Termination "SpeedofLight0 won by checkmate"]

1. d4 Nf6 2. Nc3 d5 3. Bf4 e6 4. e3 c5 5. Nf3 a6 6. Bd3 Nc6 7.
O-O Bd6 8. dxc5 Bxc5 9. e4 Nb4 10. e5 Nxd3 11. Qxd3 Nh5 12. Bd2 f5 13. Ne2 O-O 14. Nfd4 Bd7 15. a4 Qc7 16. f4 g5 17. c3 Kh8 18. Kh1 Rg8 19. Qh3 Nxf4 20. Nxf4 gxf4 21. Bxf4 Rg4 22. Qh6 Rg6 23. Qh5 Rag8 24. Nxf5 exf5 25.
e6 Bd6 26. Bxd6 Qxd6 27. exd7 Rxg2 28. Rxf5 Qxd7 29. Rf7 Qxa4 30. Qxh7# 1-0

[Event "Late-Titled-Tuesday-Blitz-October-03-2023"]
[Site "Chess.com"]
[Date "2023.10.03"]
[Round "6"]
[White "Elbebiber"]
[Black "davigator"]
[Result "0-1"]
[WhiteElo "2143"]
[BlackElo "2305"]
[TimeControl "180+1"]
[EndTime "15:02:44 PDT"]
[Termination "davigator won by resignation"]

1. d4 Nf6 2. Bg5 c5 3. Bxf6 gxf6 4. c3 e6 5. e3 d5 6. Nf3 Nc6 7. Bb5 Bd7 8. Nbd2 Qb6 9. Qb3 Bd6 10. dxc5 Bxc5 11. Nd4 O-O 12. Be2 f5 13. Qxb6 Bxb6 14.
g3 Ne5 15. N2f3 Ng4 16. h3 Nf6 17. Ne5 Rfc8 18. O-O Be8 19. Rfd1 a6 20. Kg2 Bc7 21. f4 b5 22. Nef3 Ne4 23. Nd2 Nd6 24. N2f3 Bb6 25. Ne5 Rc7 26. Bd3 Rac8 27. Re1 a5 28. a3 Bc5 29.
Re2 b4 30. axb4 axb4 31. cxb4 Bxd4 32. exd4 Rb8 33. b5 Nxb5 34. Bxb5 Bxb5 35. Rd2 Bc4 36.
Kf2 f6 37. Nf3 Rb3 38. Ne1 Rcb7 39. Rb1 Kf7 40. Nc2 Rb8 41. Ne1 Rg8 42. h4 Rgxg3 0-1

[Event "Late-Titled-Tuesday-Blitz-October-03-2023"]
[Site "Chess.com"]
[Date "2023.10.03"]
[Round "6"]
[White "Malev212"]
[Black "fyall777"]
[Result "1-0"]
[WhiteElo "2642"]
[BlackElo "2513"]
[TimeControl "180+1"]
[EndTime "15:02:47 PDT"]
[Termination "Malev212 won on time"]

1. e4 c5 2. Nf3 e6 3. g3 b6 4. d4 cxd4 5. Nxd4 Bb7 6. Bg2 Nf6 7.
Nc3 Bb4 8. Qd3 O-O 9. O-O Bxc3 10.
bxc3 d5 11. e5 Ne4 12. Ba3 Re8 13. c4 Nd7 14. cxd5 exd5 15. f4 Ndc5 16. Qe3 Qd7 17. Bb2 Na4 18. Rab1 Nxb2 19. Rxb2 Rac8 20. Rb3 Qa4 21. Ra3 Qc4 22. Rxa7 Bc6 23. Bh3 Ra8 24. Rxa8 Rxa8 25. e6 fxe6 26. Bxe6+ Kh8 27. f5 Nc3 28. Nxc6 Qxc6 29. f6 Ne4 30. fxg7+ Kxg7 31. Qd4+ Kg6 32. Bxd5 1-0